 Dungeon Crawl Stone Soup version 0.31-a0-196-g86fe4a5e66 (webtiles) character file.

Game seed: 11397903383353342333

473 qw the Skirmisher (level 6, -3/36 HPs)
             Began as a Deep Elf Hunter on June 24, 2023.
             Slain by Pikel
             ... wielding a +1 whip of flaming
              (8 damage)
             ... on level 4 of the Dungeon.
             The game lasted 00:01:13 (3332 turns).

qw the Skirmisher (Deep Elf Hunter)                 Turns: 3332, Time: 00:01:14

Health: -3/36      AC:  6    Str: 10    XL:     6   Next: 84%
Magic:  8/8        EV: 16    Int: 14    God:
Gold:   153        SH:  0    Dex: 18    Spells: 5/5 levels left

rFire   . . .        Y - +0 shortbow
rCold   . . .        (shield currently unavailable)
rNeg    . . .        a - +1 ring mail
rPois   .            (no helmet)
rElec   .            (no cloak)
rCorr   .            (no gloves)
SInv    +            (no boots)
Will    .....        (no amulet)
Stlth   +            c - +5 ring of evasion
HPRegen 0.26/turn    h - ring of see invisible
MPRegen 0.11/turn

%: no passive effects
@: no status effects
A: no striking features
a: no special abilities


You were on level 4 of the Dungeon.
You visited 1 branch of the dungeon, and saw 4 of its levels.

You collected 153 gold pieces.


   Skills:
 - Level 2.5 Fighting
 - Level 10.1 Ranged Weapons
 + Level 2.9 Dodging
 - Level 1.2 Stealth


You had 5 spell levels left.
You didn't know any spells.
Your spell library was empty.

Inventory:

Hand Weapons
 Y - a +0 shortbow (weapon)
Armour
 a - a +1 ring mail (worn)
 g - a +0 pair of boots
Jewellery
 c - a +5 ring of evasion (left hand)
 h - a ring of see invisible (right hand)
 j - a ring of willpower
Potions
 b - a potion of enlightenment {unknown}
 d - 2 potions of mutation {unknown}
 e - a potion of haste
 f - a potion of degeneration {unknown}
 i - a potion of cancellation {unknown}
 k - a potion of magic {unknown}

Dungeon Overview and Level Annotations

Branches:
Dungeon (4/15)
 Temple: D:4-7

Altars:
Trog
Vehumet

Annotations:
D:3 3 runed translucent doors, qw's ghost, amateur DEHu
D:4 Pikel


Message History

The sleepcap closely misses you.
A lemure comes into view.
You shoot an arrow. The lemure shouts!
The arrow hits the sleepcap.
The sleepcap is heavily damaged.
The sleepcap releases spores at you.
You are engulfed in a cloud of soporific spores!
You fall asleep.
A lemure comes into view.
The lemure shouts!
A hound comes into view.
The sleepcap releases spores at you.
You wake up.
The lemure hits you.
You shoot an arrow. The hound barks!
The arrow hits the sleepcap.
The sleepcap is severely damaged.
The sleepcap releases spores at you but does no damage.
The lemure barely misses you.
A dart slug comes into view.
You shoot an arrow. The arrow hits the sleepcap.
You destroy the sleepcap!
You shoot an arrow. The arrow closely misses the lemure.
You shoot an arrow. The arrow closely misses Pikel.
Pikel hits you with a +1 whip of flaming!
Pikel burns you. The lemure hits you.
You shoot an arrow. The arrow hits Pikel!
Pikel is lightly wounded.
Pikel hits you with a +1 whip of flaming.
Pikel burns you. The lemure closely misses you. The lemure hits you.
You shoot an arrow. The arrow closely misses Pikel.
The arrow hits the lemure.
The lemure is lightly wounded.
The lemure completely misses you. Pikel barely misses you.
The lemure misses you.
You shoot an arrow. The arrow misses Pikel.
Pikel hits you with a +1 whip of flaming.
Pikel burns you. The lemure misses you. The lemure hits you but does no damage.
You shoot an arrow. The arrow closely misses Pikel.
Pikel hits you with a +1 whip of flaming!
You die...

....#. ......
....>.. ......
....).. ##...
.....)[ .##
8.....8 ..##
..[..w. ####
...### ......5
##..# .....##
.....5K##
##...# ......##
#h5@### ##....#
.......##
###5..###...<.#
........##
##...%.....##
.........#
##.......##
.........##
###.......##
..........#
####..........#
..........#
#.............#
..........#
#.............#
..........#
#............##


You could see Pikel, 4 lemures, a hound and a dart slug.

Vanquished Creatures
  A phantom (D:4)
  A bullfrog (D:4)
  Blork the orc (D:4)
  2 hounds (D:4)
  A jelly (D:4)
  A gnoll bouda (D:4)
  A sleepcap (D:4)
  4 gnolls (D:4)
  3 adders
  A worm (D:2)
  A dart slug (D:4)
  A bat (D:2)
  5 endoplasms
  2 giant cockroaches (D:1)
  6 goblins
  5 hobgoblins
  2 jackals (D:1)
  9 kobolds
  4 quokkas
  10 ball pythons
  5 frilled lizards
  6 rats
72 creatures vanquished.

Vanquished Creatures (others)
  A wizard (D:3)
1 creature vanquished.

Grand Total: 73 creatures vanquished

Notes
Turn   | Place    | Note
-------+----------+-------------------------------------------
     0 | D:1      | qw the Deep Elf Hunter began the quest for the Orb.
     0 | D:1      | Reached XP level 1. HP: 12/12 MP: 3/3
     0 | D:1      | 0 ||| qw: Version: 0.3-a-9-g12657ce
     0 | D:1      | 0 ||| qw: Game counter: 4805
     0 | D:1      | 0 ||| qw: Always use a shield: true
     0 | D:1      | 0 ||| qw: God list: Okawaru
     0 | D:1      | 0 ||| qw: Allow faded altars: false
     0 | D:1      | 0 ||| qw: Do Orc after D:15 true
     0 | D:1      | 0 ||| qw: Do second Lair branch before Depths: true
     0 | D:1      | 0 ||| qw: Lair rune preference: random
     0 | D:1      | 0 ||| qw: Plans: Normal
     0 | D:1      | 0 ||| PLANNING D:1-11
   177 | D:1      | Reached XP level 2. HP: 15/16 MP: 4/4
   178 | D:1      | Reached skill level 6 in Ranged Weapons
   626 | D:1      | 626 ||| UPGRADING to +0 scale mail.
   636 | D:1      | 636 ||| DROPPING +0 leather armour.
   637 | D:1      | 637 ||| READING scroll labelled LEDAM KINUASS.
   638 | D:1      | 638 ||| READING scroll labelled XIT FUDWOSUL.
   639 | D:1      | 639 ||| READING scroll labelled KUOSIASHRIRR.
   642 | D:1      | 642 ||| READING scroll labelled VOLUODYOPS.
   643 | D:1      | 643 ||| DRINKING 2 ruby potions.
   644 | D:1      | 644 ||| DROPPING scroll of butterflies.
   693 | D:2      | Reached XP level 3. HP: 20/20 MP: 5/5
   848 | D:2      | Reached skill level 7 in Ranged Weapons
  1434 | D:2      | 1434 ||| UPGRADING to +0 ring mail.
  1444 | D:2      | 1444 ||| DROPPING +0 scale mail.
  1445 | D:2      | 1445 ||| UPGRADING to +5 ring of evasion.
  1446 | D:2      | 1446 ||| UPGRADING to ring of willpower.
  1447 | D:2      | 1447 ||| READING 2 scrolls labelled SAUR RERRIGO.
  1448 | D:2      | 1448 ||| READING scroll labelled WAJOESAUNAPT.
  1449 | D:2      | 1449 ||| DRINKING 2 dark potions.
  1450 | D:2      | 1450 ||| DROPPING scroll of immolation.
  1561 | D:3      | Found a bloodstained altar of Trog.
  1564 | D:3      | Noticed a wizard
  1567 | D:3      | Killed a wizard
  1792 | D:3      | Reached XP level 4. HP: 25/25 MP: 6/6
  1805 | D:3      | Found a runed translucent gate.
  1805 | D:3      | Found a runed translucent gate.
  1807 | D:3      | Found a runed translucent gate.
  1857 | D:3      | Noticed qw's ghost (amateur DEHu)
  2045 | D:3      | Found a radiant altar of Vehumet.
  2266 | D:3      | 2266 ||| UPGRADING to ring of see invisible.
  2268 | D:3      | 2268 ||| READING scroll labelled NOSSALLAFUAK.
  2269 | D:3      | 2269 ||| READING scroll labelled TUAKLUIMECK.
  2270 | D:3      | 2270 ||| READING 2 scrolls labelled TOOWKO TYEWU.
  2271 | D:3      | 2271 ||| READING scroll of enchant armour.
  2271 | D:3      | 2271 ||| ENCHANTING +0 ring mail.
  2272 | D:3      | 2272 ||| READING scroll labelled ETIG CEUMPAMU.
  2307 | D:4      | 2307 ||| PLANNING SEWER
  2325 | D:4      | Reached skill level 8 in Ranged Weapons
  2326 | D:4      | HP: 6/25 [gnoll/+0 flail[a gnoll bouda] (8)]
  2327 | D:4      | 2327 ||| READING scroll of teleportation.
  2328 | D:4      | 2328 ||| DRINKING potion of heal wounds.
  2437 | D:4      | Reached XP level 5. HP: 29/29 MP: 7/7
  2484 | D:4      | Reached skill level 9 in Ranged Weapons
  2569 | D:4      | Noticed Blork the orc
  2583 | D:4      | HP: 6/30 [Blork the orc/magic dart (3)]
  2585 | D:4      | Killed Blork the orc
  2629 | D:4      | 2629 ||| FLEEEEING.
  2630 | D:4      | 2630 ||| FLEEEEING.
  2631 | D:4      | 2631 ||| FLEEEEING.
  2632 | D:4      | 2632 ||| FLEEEEING.
  2633 | D:4      | 2633 ||| FLEEEEING.
  2634 | D:4      | 2634 ||| FLEEEEING.
  2635 | D:4      | 2635 ||| FLEEEEING.
  2636 | D:4      | 2636 ||| FLEEEEING.
  2637 | D:4      | 2637 ||| FLEEEEING.
  2638 | D:4      | 2638 ||| FLEEEEING.
  2639 | D:4      | 2639 ||| FLEEEEING.
  2640 | D:4      | 2640 ||| FLEEEEING.
  2641 | D:4      | 2641 ||| FLEEEEING.
  2642 | D:4      | 2642 ||| FLEEEEING.
  2643 | D:4      | 2643 ||| FLEEEEING.
  2644 | D:4      | 2644 ||| FLEEEEING.
  2645 | D:4      | 2645 ||| FLEEEEING.
  2646 | D:4      | 2646 ||| FLEEEEING.
  2647 | D:4      | 2647 ||| FLEEEEING.
  2648 | D:4      | 2648 ||| FLEEEEING.
  2649 | D:4      | 2649 ||| FLEEEEING.
  2651 | D:4      | 2651 ||| FLEEEEING.
  2652 | D:4      | 2652 ||| FLEEEEING.
  2653 | D:4      | 2653 ||| FLEEEEING.
  2654 | D:4      | 2654 ||| FLEEEEING.
  2655 | D:4      | 2655 ||| FLEEEEING.
  2656 | D:4      | 2656 ||| FLEEEEING.
  2657 | D:4      | 2657 ||| STAIRDANCE
  2780 | D:4      | Noticed a phantom
  2791 | D:4      | Killed a phantom
  2792 | D:4      | Reached XP level 6. HP: 33/36 MP: 8/8
  2911 | D:4      | 2911 ||| RIP SEWER
  3102 | D:4      | 3102 ||| PLANNING D:1-11
  3287 | D:4      | 3287 ||| FLEEEEING.
  3297 | D:4      | 3297 ||| FLEEEEING.
  3321 | D:4      | Noticed Pikel
  3322 | D:4      | Reached skill level 10 in Ranged Weapons
  3329 | D:4      | HP: 6/36 [lemure[Pikel] (6)]
  3332 | D:4      | Slain by Pikel

Levels and vault maps discovered:
D:1:      roderic_dead_forest, layout_loops_ring
D:2:      minmay_skewed_foursquare, layout_basic, minmay_misc_feat_square
D:3:      layout_loops_corners, nicolae_vehumet_radiance, trog_wizard,
          gammafunk_ghost_split
D:4:      layout_cave_pods, minmay_temple_entry_offerings,
          gup_sewer_entry_bubbles, st_stairs_1, roderic_serpentine_path,
          uniq_crazy_yiuf_cottage, uniq_blork_the_orc, uniq_pikel

Skill      XL: |  1  2  3  4  5  6 |
---------------+-------------------+-----
Ranged Weapons | 6 7 8 9 10 | 10.1
Fighting       | 2 |  2.5
Dodging        | |  2.9
Stealth        | |  1.2

Action                     |  1- 3 |  4- 6 || total
---------------------------+-------+-------++-------
   Fire: Shortbow          |   129 |   131 ||   260
    Use: Scroll            |     6 |     6 ||    12
         Potion            |     2 |     1 ||     3
 Armour: Leather armour    |     1 |       ||     1
         Scale mail        |    21 |       ||    21
         Ring mail         |     1 |     7 ||     8
  Dodge: Dodged            |    16 |    43 ||    59

Table legend:
 A = Non-vault XP
 B = Vault XP
 C = Vault XP percentage of total XP
 D = Non-vault monster count
 E = Vault monster count
 F = Vault count percentage of total count
                 A         B        C        D         E       F
            +---------+---------+-------+---------+---------+-------
      Total |     563 |     114 |  16.8 |      62 |      10 |  13.9
            +---------+---------+-------+---------+---------+-------
        D:1 |      40 |       0 |   0.0 |      24 |       0 |   0.0
        D:2 |      48 |       6 |  11.1 |      15 |       4 |  21.1
        D:3 |       7 |       0 |   0.0 |       6 |       0 |   0.0
        D:4 |     468 |     108 |  18.8 |      17 |       6 |  26.1
            +---------+---------+-------+---------+---------+-------
